 Dungeon Sprint DCSS version 0.19.0-19-g8c6edcc (webtiles) character file.

1173 poirepourri the Cruncher (level 8, -1/54 HPs)
             Began as a Gargoyle Gladiator on Nov 12, 2016.
             Was a Follower of Cheibriados.
             Slain by a deep troll (16 damage)
             ... in the Dungeon (Sprint I: "Red Sonja").
             The game lasted 00:01:43 (1149 turns).

poirepourri the Cruncher (Gargoyle Gladiator)       Turns: 1149, Time: 00:01:44

Health: -1/54      AC:  9    Str: 22    XL:     8   Next: 41%
Magic:  8/8        EV: 17    Int: 11    God:    Cheibriados [*.....]
Gold:   416        SH:  0    Dex: 13    Spells: 0 memorised, 7 levels left

rFire  . . .     SeeInvis .     a - +0 quarterstaff
rCold  + . .     Gourm    .     b - +0 leather armour
rNeg   + . .     Faith    .     (shield currently unavailable)
rPois  ∞         Spirit   .     c - +0 helmet
rElec  +         Reflect  .     (no cloak)
rCorr  .         Harm     .     (no gloves)
MR     .....     NoTele   +     (no boots)
Stlth  +.........               (no amulet)
                                (no ring)
                                m - ring of protection from cold

@: very slightly contaminated, invisible, very slow
A: negative energy resistance 1, electricity resistance, unbreathing,
petrification resistance, rot immunity, AC +5
a: Bend Time, Renounce Religion


You were in the Dungeon.
You worshipped Cheibriados.
Cheibriados was aware of your devotion.
You were not hungry.

You visited 1 branch You collected 513 gold pieces.
You spent 97 gold pieces at shops.

Inventory:

Hand Weapons
 a - a +0 quarterstaff (weapon)
Missiles
 q - 16 stones (quivered)
Armour
 b - a +0 leather armour (worn)
 c - a +0 helmet (worn)
Jewellery
 m - a ring of protection from cold (left hand)
Wands
 d - a wand of lightning (8/15)
 o - a wand of enslavement (11/24)
Scrolls
 k - a scroll of blinking
Potions
 e - a potion of curing
 h - a potion of haste
 i - 2 potions of magic
 j - a potion of berserk rage
 l - a potion of invisibility
Comestibles
 f - a bread ration
 n - a meat ration


   Skills:
 + Level 7.9 Fighting
 + Level 12.0 Staves
 + Level 5.4 Throwing
 - Level 1.3 Armour
 + Level 9.0 Dodging


You had 7 spell levels left.
You didn't know any spells.

Dungeon Overview and Level Annotations

Branches:
Dungeon (1/1)

Altars:
Cheibriados
Dithmenos
Elyvilon
Fedhas
Gozag
Hepliaklqana
Kikubaaqudgha
Makhleb
Nemelex Xobeh
Okawaru
Qazlal
Ru
Sif Muna
Trog
Uskayaw
Vehumet
Xom
Yredelemnul
Zin
The Shining One
Jiyva
Lugonu

Shops:
D *:


Innate Abilities, Weirdness & Mutations

You are resistant to torment.
Your stone body is resilient. (AC +5)
You are immune to poison.
You resist negative energy. (rN+)
You are resistant to electric shocks. (rElec)
You can survive without breathing.
You are immune to petrification.
You are immune to rotting.


Message History

The deep troll is heavily wounded.
The deep troll misses you.
The deep troll claws you but does no damage. x2
You hit the deep troll.
The deep troll is heavily wounded.
The deep troll completely misses you. The deep troll claws you.
The deep troll claws you! The deep troll barely misses you.
The deep troll claws you but does no damage.
The deep troll misses you.
You closely miss the deep troll.
The deep troll is heavily wounded.
The deep troll closely misses you.
The deep troll claws you but does no damage.
The deep troll claws you!
* * * LOW HITPOINT WARNING * * *
You feel much better. The deep troll bites you!!
* * * LOW HITPOINT WARNING * * *
The deep troll claws you!
You die...

#..#####'#####'#__####
#..####..#...#.####
#..#__####..##.#
#..#_____##'#.)+
#⌠⌠#_.∩...'.(._#
####_..__##_(#'#
#_____###'#.#
############(####+###
#∩^.......'..@'$(.$$+
###++++####..T#######
##.## #+#


You could see a deep troll.

Vanquished Creatures
  Sonja (D)
  A slime creature (D)
  Sigmund (D)
  A yak (D)
  An ogre (D)
  A jelly (D)
  Ijyb (D)
7 creatures vanquished.

Vanquished Creatures (others)
  A gargoyle (D)
1 creature vanquished.

Grand Total: 8 creatures vanquished

Notes
Turn   | Place    | Note
-------+----------+-------------------------------------------
     0 | D        | poirepourri the Gargoyle Gladiator began the quest for the Orb.
     0 | D        | Reached XP level 1. HP: 12/12 MP: 1/1
     2 | D        | Noticed Ijyb
    12 | D        | Killed Ijyb
    12 | D        | Reached skill level 4 in Staves
    12 | D        | Reached XP level 2. HP: 19/19 MP: 2/2
    12 | D        | Reached XP level 3. HP: 23/23 MP: 3/3
    16 | D        | Noticed an ogre
    26 | D        | Killed an ogre
    26 | D        | Reached skill level 6 in Staves
    26 | D        | Reached skill level 5 in Dodging
    26 | D        | Reached XP level 4. HP: 20/29 MP: 4/4
   122 | D        | Noticed Sigmund
   130 | D        | Killed Sigmund
   130 | D        | Reached skill level 5 in Fighting
   130 | D        | Reached skill level 8 in Staves
   130 | D        | Reached XP level 5. HP: 12/35 MP: 5/5
   130 | D        | Reached XP level 6. HP: 14/40 MP: 6/6
   166 | D        | Killed a gargoyle
   279 | D        | Found a deep blue altar of Sif Muna.
   281 | D        | Found a radiant altar of Vehumet.
   487 | D        | Found Dipt's Book Emporium.
   487 | D        | Found an ancient bone altar of Kikubaaqudgha.
   487 | D        | Found a hazy altar of Hepliaklqana.
   487 | D        | Found a stormy altar of Qazlal.
   487 | D        | Found a hide-covered altar of Uskayaw.
   487 | D        | Found a blossoming altar of Fedhas.
   487 | D        | Found a bloodstained altar of Trog.
   487 | D        | Found an iron altar of Okawaru.
   487 | D        | Found a basalt altar of Yredelemnul.
   487 | D        | Found a glowing golden altar of the Shining One.
   487 | D        | Found a snail-covered altar of Cheibriados.
   487 | D        | Found a sacrificial altar of Ru.
   487 | D        | Found a glowing silver altar of Zin.
   487 | D        | Found a shadowy altar of Dithmenos.
   487 | D        | Found a white marble altar of Elyvilon.
   487 | D        | Noticed a yak
   503 | D        | Killed a yak
   503 | D        | Reached skill level 9 in Staves
   503 | D        | Reached skill level 1 in Armour
   503 | D        | Reached XP level 7. HP: 26/47 MP: 7/7
   642 | D        | Found an opulent altar of Gozag.
   643 | D        | Found a sparkling altar of Nemelex Xobeh.
   659 | D        | Became a worshipper of Cheibriados the Contemplative
   669 | D        | Noticed Sonja
   690 | D        | Killed Sonja
   690 | D        | Reached skill level 11 in Staves
   690 | D        | Reached skill level 5 in Throwing
   690 | D        | Reached XP level 8. HP: 29/54 MP: 8/8
   852 | D        | Found Viqium's General Store.
   860 | D        | Bought 17 stones for 17 gold pieces
   860 | D        | Bought a potion of invisibility for 80 gold pieces
   886 | D        | Found a burning altar of Makhleb.
   886 | D        | Found a viscous altar of Jiyva.
   886 | D        | Found a shimmering altar of Xom.
   886 | D        | Found a corrupted altar of Lugonu.
   886 | D        | Noticed a slime creature
   903 | D        | Killed a slime creature
   903 | D        | Reached * piety under Cheibriados
   903 | D        | Reached skill level 12 in Staves
  1137 | D        | Noticed a deep troll
  1149 | D        | Slain by a deep troll

Skill      XL: |  1  2  3  4  5  6  7  8 |
---------------+-------------------------+-----
Fighting       | 3 4 5 6 7 |  7.9
Staves         | 4 6 8 9 11 12 | 12.0
Throwing       | 2 3 4 5 |  5.4
Dodging        | 3 5 6 7 8 9 |  9.0
Armour         | 1 |  1.3

Action                   |  1- 3 |  4- 6 |  7- 9 || total
-------------------------+-------+-------+-------++-------
Melee: Quarterstaff      |    17 |    27 |    34 ||    78
Throw: Throwing net      |     1 |       |     3 ||     4
       Stone             |       |       |     1 ||     1
  Use: Potion            |       |       |     2 ||     2
 Stab: Held in net/web   |       |       |     1 ||     1
Armor: Leather armour    |     7 |     5 |    25 ||    37
Dodge: Dodged            |     2 |     8 |    33 ||    43
